 Dungeon Sprint DCSS version 0.19.4-10-g532645f (webtiles) character file.

10293 equalderp2856 the Eviscerator (level 11, -26/53 HPs)
             Began as a Felid Fighter on Feb 25, 2017.
             Was an Initiate of Gozag.
             Killed from afar by a fire dragon (34 damage)
             ... with a blast of flame
             ... in the Dungeon (Sprint III: "The Ten Rune Challenge").
             The game lasted 00:26:50 (5896 turns).

equalderp2856 the Eviscerator (Felid Fighter)       Turns: 5896, Time: 00:26:51

Health: -26/53     AC:  2    Str: 13    XL:     11   Next: 34%
Magic:  16/16      EV: 31    Int: 11    God:    Gozag
Gold:   5261       SH:  0    Dex: 17    Spells: 3 memorised, 10 levels left
                                        Lives:  0   Deaths: 2

rFire  . . .     SeeInvis +       - Unarmed
rCold  . . .     Gourm    .     (armour unavailable)
rNeg   . . .     Faith    .     (shield unavailable)
rPois  .         Spirit   .     (helmet unavailable)
rElec  .         Reflect  .     (cloak unavailable)
rCorr  .         Harm     .     (gloves unavailable)
MR     +....     NoTele   +     (boots unavailable)
Stlth  ++++++++..               (no amulet)
                                (no ring)
                                (no ring)

@: studying 2 skills, bribing [the Dungeon], quick
A: no armour, no weapons or thrown items, stealth, claws 1, fangs 3, see
invisible, carnivore 3, speed 1, shaggy fur 2, slow metabolism 1, sharp paws
a: Potion Petition, Call Merchant, Bribe Branch, Renounce Religion


You were in the Dungeon.
You worshipped Gozag.
Gozag was greatly pleased with you.
You were hungry.

You visited 1 branch You collected 9653 gold pieces.
You spent 922 gold pieces at shops.
You paid 3470 gold pieces to Gozag.

Inventory:

Jewellery
 w - a cursed ring of flight {unknown}
 x - the amulet of Spite {Regen+ Int+2, unknown}
   (You found it in the Dungeon)

   [amulet of regeneration]

   It affects your intelligence (+2).
   It increases your rate of regeneration.
 y - a cursed ring of protection from fire {unknown}
 z - a +2 ring of protection {unknown}
 A - the necklace of Bloodlust {*Rage +Rage MR+ Int-3 Slay+3 *Curse}
   (You found it in the Dungeon)

   [amulet of rage]

   It affects your intelligence (-3).
   It affects your accuracy and damage with ranged weapons and melee attacks
   (+3).
   It affects your resistance to hostile enchantments.
   It lets you go berserk.
   It may make you go berserk in combat.
   It may re-curse itself when equipped.
Wands
 i - a wand of digging (10/24)
 n - a wand of teleportation (4/9)
Scrolls
 h - 2 scrolls of blinking
 k - 3 scrolls of identify
 l - 2 scrolls of remove curse
Potions
 a - 3 potions of might
 d - a potion of mutation
 e - a potion of haste
 f - 2 potions of magic
 g - 2 potions of berserk rage
 m - 2 potions of cure mutation
 r - a potion of degeneration
 s - 2 potions of resistance {unknown}
 t - a potion of beneficial mutation {unknown}
Books
 p - a book of Misfortune

   Spells                             Type                      Level
   a - Confusing Touch                Hexes                        1
   b - Confuse                        Hexes                        3
   c - Gell's Gravitas                Hexes/Translocation          3
   d - Petrify                        Transmutation/Earth          4
   e - Metabolic Englaciation         Hexes/Ice                    5
   f - Yara's Violent Unravelling     Hexes/Transmutation          5
 q - Sif Muna's Handbook of the Entourage and Transformation
   (You bought it in a shop in the Dungeon)

   Spells                             Type                      Level
   a - Summon Butterflies             Summoning                    1
   b - Call Imp                       Summoning                    2
   c - Spider Form                    Transmutation/Poison         3
   d - Summon Ice Beast               Ice/Summoning                4
   e - Summon Mana Viper              Hexes/Summoning              5
   f - Blade Hands                    Transmutation                5
 u - a manual of Evocations
 v - a manual of Fighting
Comestibles
 b - 2 meat rations
 c - 20 royal jellies


   Skills:
 + Level 9.1 Fighting
 + Level 14.8 Dodging
 + Level 19.4 Stealth
 + Level 21.2 Unarmed Combat
 + Level 3.2 Spellcasting
 + Level 6.4 Hexes


You had 10 spell levels left.
You knew the following spells:

 Your Spells              Type           Power        Failure   Level  Hunger
a - Confusing Touch       Hex            ###...       1%          1    #......
b - Confuse               Hex            ###.....     8%          3    ###....
c - Call Imp              Summ           #.......     43%         2    ###....


Dungeon Overview and Level Annotations

Branches:
Dungeon (1/1)

Altars:
Cheibriados
Dithmenos
Elyvilon
Fedhas
Gozag
Hepliaklqana
Kikubaaqudgha
Makhleb
Nemelex Xobeh
Okawaru
Qazlal
Ru
Sif Muna
Trog
Uskayaw
Vehumet
Xom
Yredelemnul
Zin
The Shining One
Beogh
Jiyva
Lugonu

Shops:
D ?:(:?


Innate Abilities, Weirdness & Mutations

You cannot wear armour.
You are incapable of wielding weapons or throwing items.
Your paws allow you to move quietly. (Stealth)
You have sharp claws.
You have razor-sharp teeth.
You have supernaturally acute eyesight. (SInv)
You are carnivorous and can eat meat at any time.
You cover ground quickly.
You are covered in thick fur. (AC +2)
You have a slow metabolism.
Your sharp claws are effective at attacking unaware monsters.


Message History

You enter the shallow water.
Moving in this stuff is going to be slow.
There is an open door, spattered with blood here.
You see here a dagger.
You enter the shallow water.
Moving in this stuff is going to be slow.
You scratch the fire dragon. You claw the fire dragon!
The fire dragon is moderately wounded.
Your orc high priest utters an invocation to Beogh.
You claw the fire dragon!
The fire dragon is moderately wounded.
The fire dragon breathes flames at you. The blast of flame hits you!
Ouch! That really hurt!
* * * LOW HITPOINT WARNING * * *
The fire dragon breathes flames at you. The blast of flame hits you!
Ouch! That really hurt!
You die...
Your body crumbles into a pile of gold.

.....##[.###....#.⌠.#__#...#'####
##..##...##.....#...#__#...#.[..#
#..##....#......#'###__#...##.#.)
..###..##.#..[..#[[.#__#...'##.#o
..# #..#####....#___#__'...#[..#.
▓▓▓▓▓▓▓▓▓▓▓▓▓▓▓▓▓▓▓▓▓▓▓▓▓▓▓▓▓▓▓▓▓
...'≈≈≈§§§§[≈♣♣.....♣♣♣♣≈≈≈......
...#≈≈≈§§§§≈.♣♣.≈≈≈≈.♣♣)♣≈≈≈≈≈≈≈≈
...#.≈.§§§§§.≈D.@o4.#.≈♣♣♣♣♣♣♣♣♣♣
...#≈≈.§§§§§≈♣♣♣♣♣♣♣#..♣♣
..)#≈≈§≈≈§≈≈≈♣ ###'♣♣♣♣♣♣♣♣♣
##'####.#######♣ ♣♣♣♣.##..##≈≈≈
...[...........♣♣ ♣...##.##.#≈≈≈
#+#############$♣ ♣♣.##.##(##+≈≈
.JJ# ..F....$$$♣ ♣..#.##..)#≈≈
..J+ Y..########♣♣ ♣♣.##.##..#≈.
J..# ........SPP♣ ♣♣.##.#####..


You could see a fire dragon, a friendly orc high priest and a friendly ice
devil.

Vanquished Creatures
  Dowan (D)
  A deep elf demonologist (D)
  2 dire elephants (D)
  A deep elf annihilator (D)
  A fire dragon (D)
  Erolcha (D)
  Urug (D)
  An orc knight (D)
  A lindwurm (D)
  A deep elf mage (D)
  2 elephants (D)
  2 spiny frogs (D)
  Duvessa (D)
  A rime drake (D)
  A komodo dragon (D)
  2 wandering mushrooms (D)
  A queen bee (D)
  2 tyrant leeches (D)
  8 blink frogs (D)
  5 redbacks (D)
  A shadow (D)
  2 hill giants (D)
  A spatial vortex (D)
  A swamp drake (D)
  4 orc warriors (D)
  A necrophage (D)
  3 two-headed ogres (D)
  A water elemental (D)
  26 killer bees (D)
  A jelly (D)
  2 orc wizards (D)
  Crazy Yiuf (D)
  A wizard (D)
  Jessica (D)
  A necromancer (D)
  A kobold demonologist (D)
  3 humans (D)
  11 orcs (D)
  3 rats (D)
101 creatures vanquished.

Vanquished Creatures (collateral kills)
  A wandering mushroom (D)
  A hell hound (D)
  An orc priest (D)
  4 plants (D)
7 creatures vanquished.

Vanquished Creatures (others)
  Rupert (D)
  Gastronok (D)
  2 draconian scorchers (D)
  A deep elf annihilator (D)
  3 hydras (D)
  A deep elf high priest (D)
  3 death yaks (D)
  A deep elf knight (D)
  3 deep elf magi (D)
  6 hellions (D)
  2 yaktaurs (D)
  An orc high priest (D)
  6 killer bees (D)
  An electric eel (D)
  An orc priest (D)
  21 plants (D)
54 creatures vanquished.

Grand Total: 162 creatures vanquished

Notes
Turn   | Place    | Note
-------+----------+-------------------------------------------
     0 | D        | equalderp2856 the Felid Fighter began the quest for the Orb.
     0 | D        | Reached XP level 1. HP: 10/10 MP: 2/2
    51 | D        | Noticed Jessica
    56 | D        | Killed a yaktaur
    59 | D        | Killed Jessica
    59 | D        | Reached skill level 1 in Stealth
    59 | D        | Reached skill level 6 in Unarmed Combat
    59 | D        | Reached XP level 2. HP: 15/15 MP: 3/3
    66 | D        | Noticed Crazy Yiuf
    76 | D        | Killed a hellion
    77 | D        | Killed a hellion
    79 | D        | Reached skill level 5 in Dodging
    79 | D        | Reached XP level 3. HP: 18/18 MP: 4/4
    87 | D        | Killed Crazy Yiuf
    87 | D        | Reached skill level 7 in Unarmed Combat
    87 | D        | Reached XP level 4. HP: 22/22 MP: 5/5
   107 | D        | Killed a hellion
   111 | D        | Noticed a water elemental
   117 | D        | Killed a water elemental
   117 | D        | Reached skill level 5 in Fighting
   117 | D        | Reached skill level 8 in Unarmed Combat
   126 | D        | Killed a hellion
   129 | D        | Killed a hellion
   144 | D        | Killed a white draconian scorcher
   179 | D        | Found a glowing silver altar of Zin.
   179 | D        | Found a glowing golden altar of the Shining One.
   179 | D        | Found a white marble altar of Elyvilon.
   180 | D        | Noticed a deep elf mage
   184 | D        | Noticed a redback
   184 | D        | Killed a deep elf mage
   184 | D        | Reached skill level 11 in Unarmed Combat
   184 | D        | Reached XP level 5. HP: 28/28 MP: 6/6
   184 | D        | Gained mutation: You are covered in thick fur. (AC +2) [Felid growth]
   184 | D        | Reached XP level 6. HP: 31/31 MP: 7/7
   194 | D        | Found a hide-covered altar of Uskayaw.
   194 | D        | Found a roughly hewn altar of Beogh.
   194 | D        | Found an iron altar of Okawaru.
   194 | D        | Found a bloodstained altar of Trog.
   194 | D        | Noticed a human
   195 | D        | Noticed a human
   197 | D        | Killed a human
   197 | D        | Reached skill level 12 in Unarmed Combat
   197 | D        | Reached XP level 7. HP: 36/36 MP: 8/8
   198 | D        | Killed a human
   205 | D        | Killed a white draconian scorcher
   214 | D        | Found a basalt altar of Yredelemnul.
   214 | D        | Found a shadowy altar of Dithmenos.
   214 | D        | Found a sacrificial altar of Ru.
   224 | D        | Reached skill level 13 in Unarmed Combat
   244 | D        | Found a radiant altar of Vehumet.
   244 | D        | Found a deep blue altar of Sif Muna.
   244 | D        | Found an ancient bone altar of Kikubaaqudgha.
   263 | D        | Killed a yaktaur
   280 | D        | Noticed a shadow
   293 | D        | Killed a shadow
   293 | D        | Reached skill level 10 in Dodging
   293 | D        | Reached XP level 8. HP: 40/40 MP: 9/9
   315 | D        | Killed a hellion
   321 | D        | Found a blossoming altar of Fedhas.
   321 | D        | Found a stormy altar of Qazlal.
   321 | D        | Found a snail-covered altar of Cheibriados.
   321 | D        | Found a burning altar of Makhleb.
   321 | D        | Found a shimmering altar of Xom.
   322 | D        | Found a hazy altar of Hepliaklqana.
   322 | D        | Found an opulent altar of Gozag.
   322 | D        | Found a sparkling altar of Nemelex Xobeh.
   322 | D        | Found a corrupted altar of Lugonu.
   322 | D        | Found a viscous altar of Jiyva.
   330 | D        | Became a worshipper of Gozag Ym Sagoz the Greedy
   345 | D        | Reached skill level 14 in Unarmed Combat
   358 | D        | Noticed an orc knight
   359 | D        | Found Teell's Magic Scroll Shop.
   385 | D        | Reached skill level 10 in Stealth
   391 | D        | Noticed Erolcha
   394 | D        | Killed Erolcha
   394 | D        | Reached skill level 15 in Unarmed Combat
   394 | D        | Reached XP level 9. HP: 44/44 MP: 10/10
   465 | D        | Reached skill level 16 in Unarmed Combat
   490 | D        | Killed an orc knight
   806 | D        | Found a roughly hewn altar of Beogh.
   968 | D        | Bought a scroll of blinking for 105 gold pieces
   968 | D        | Bought a scroll of blinking for 105 gold pieces
   977 | D        | Noticed a deep elf mage
   977 | D        | Noticed a deep elf mage
   977 | D        | Noticed a deep elf knight
   977 | D        | Noticed a deep elf mage
   977 | D        | Noticed a deep elf mage
   984 | D        | Noticed a deep elf demonologist
   990 | D        | Noticed a deep elf annihilator
  1002 | D        | Killed a deep elf annihilator
  1089 | D        | Noticed a wandering mushroom
  1094 | D        | Noticed a wandering mushroom
  1115 | D        | Killed a wandering mushroom
  1120 | D        | Noticed a wandering mushroom
  1127 | D        | Killed a wandering mushroom
  1127 | D        | Reached XP level 10. HP: 48/48 MP: 11/11
  1132 | D        | Reached skill level 17 in Unarmed Combat
  1213 | D        | Noticed a spiny frog
  1213 | D        | Noticed a spiny frog
  1239 | D        | Killed a spiny frog
  1394 | D        | Reached skill level 15 in Stealth
  1404 | D        | Killed a spiny frog
  1540 | D        | Reached skill level 18 in Unarmed Combat
  1618 | D        | Noticed an elephant
  1619 | D        | Noticed an elephant
  1619 | D        | Noticed a dire elephant
  1619 | D        | Noticed a dire elephant
  1619 | D        | Noticed Gastronok
  1637 | D        | Killed an elephant
  1666 | D        | Your ally died
  2144 | D        | Noticed a lindwurm
  2148 | D        | Killed a lindwurm
  2148 | D        | Reached skill level 19 in Unarmed Combat
  2151 | D        | Reached XP level 11. HP: 52/52 MP: 12/12
  2160 | D        | Noticed Urug
  2179 | D        | Gained mutation: You have a pair of small horns on your head. [potion of mutation]
  2179 | D        | Gained mutation: Your spells are a little harder to cast, but a little more powerful. [potion of mutation]
  2179 | D        | Gained mutation: Your spells are harder to cast, but more powerful. [potion of mutation]
  2185 | D        | Lost mutation: You have a pair of small horns on your head. [potion of cure mutation]
  2185 | D        | Lost mutation: Your spells are harder to cast, but more powerful. [potion of cure mutation]
  2185 | D        | Lost mutation: Your spells are a little harder to cast, but a little more powerful. [potion of cure mutation]
  2191 | D        | HP: 2/52 [poisoned by a redback]
  2196 | D        | HP: 1/52 [poisoned by a redback]
  2203 | D        | Succumbed to a redback's poison
  2204 | D        | Reached XP level 10. HP: 0/49 MP: 11/11
  2204 | D        | Noticed a death yak
  2204 | D        | Noticed a death yak
  2204 | D        | Noticed a black mamba
  2204 | D        | Noticed a death yak
  2204 | D        | Noticed a black mamba
  2207 | D        | Noticed a death yak
  2219 | D        | Noticed a fire dragon
  2220 | D        | Found Lorchobeg's Magic Scroll Shoppe.
  2220 | D        | Found Taibb's Book Boutique.
  2220 | D        | Found Taeli's Antique Weapon Emporium.
  2220 | D        | Noticed a fire dragon
  2245 | D        | Killed a fire dragon
  2301 | D        | Killed from afar by a fire dragon
  2302 | D        | Reached XP level 9. HP: -18/45 MP: 10/10
  2330 | D        | Killed Urug
  2334 | D        | Killed a five-headed hydra
  2433 | D        | Noticed a six-headed hydra
  2433 | D        | Noticed a four-headed hydra
  2484 | D        | Killed an elephant
  2631 | D        | Noticed a queen bee
  2633 | D        | Killed a queen bee
  2646 | D        | Reached skill level 20 in Unarmed Combat
  2655 | D        | Reached XP level 10. HP: 41/49 MP: 11/11
  2683 | D        | Killed a deep elf mage
  2703 | D        | Killed a deep elf knight
  2786 | D        | Killed a deep elf mage
  2798 | D        | Killed a six-headed hydra
  3250 | D        | Learned a level 1 spell: Confusing Touch
  3254 | D        | Learned a level 3 spell: Confuse
  3256 | D        | Bought Sif Muna's Handbook of the Entourage and Transformation for 712 gold pieces
  3261 | D        | Learned a level 2 spell: Call Imp
  3311 | D        | Killed a dire elephant
  3311 | D        | Reached skill level 1 in Hexes
  3339 | D        | Killed a four-headed hydra
  3388 | D        | Killed a dire elephant
  3406 | D        | Noticed an azure jelly
  3407 | D        | Noticed an azure jelly
  3407 | D        | Noticed an azure jelly
  3409 | D        | Noticed an azure jelly
  3413 | D        | Noticed Rupert
  3486 | D        | Reached skill level 1 in Spellcasting
  3643 | D        | Killed a death yak
  3648 | D        | Killed a death yak
  3652 | D        | Killed a death yak
  3653 | D        | Killed Rupert
  3999 | D        | Noticed Dowan
  3999 | D        | Noticed Duvessa
  4138 | D        | Killed Dowan
  4138 | D        | Reached skill level 21 in Unarmed Combat
  4138 | D        | Reached XP level 11. HP: 40/53 MP: 11/15
  4293 | D        | Killed Duvessa
  4340 | D        | Noticed a yaktaur captain
  4923 | D        | Noticed a deep elf high priest
  4929 | D        | Noticed a deep elf annihilator
  4930 | D        | Noticed a deep elf death mage
  4931 | D        | Noticed a deep elf master archer
  4936 | D        | Noticed a Hell Sentinel
  4938 | D        | Noticed a deep elf mage
  4938 | D        | Killed a deep elf demonologist
  4938 | D        | Reached skill level 5 in Hexes
  4946 | D        | Killed a deep elf annihilator
  4961 | D        | Got a wavering steel amulet
  5477 | D        | Noticed a fire dragon
  5896 | D        | Killed from afar by a fire dragon

Skill      XL: |  1  2  3  4  5  6  7  8  9 10 11 |
---------------+----------------------------------+-----
Fighting       | 4 6 7 9 |  9.1
Stealth        | 1 2 6 7 8 11 17 18 19 | 19.4
Unarmed Combat | 6 7 11 12 13 15 20 21 | 21.2
Dodging        | 5 8 9 10 11 14 | 14.8
Hexes          | 4 6 |  6.4
Spellcasting   | 2 3 |  3.2

Action                   |  1- 3 |  4- 6 |  7- 9 | 10-12 || total
-------------------------+-------+-------+-------+-------++-------
Melee: Unarmed           |    16 |     9 |   141 |   199 ||   365
       Bite              |     2 |       |    14 |    23 ||    39
       Punch             |       |       |     6 |    20 ||    26
 Cast: Confusing Touch   |       |       |       |    12 ||    12
Invok: Bribe Branch      |       |       |     1 |       ||     1
       Call Merchant     |       |       |       |     1 ||     1
  Use: Potion            |     1 |       |     1 |     5 ||     7
       Scroll            |       |       |       |     4 ||     4
 Stab: Sleeping          |     3 |     2 |    10 |     3 ||    18
       Distracted        |       |       |     3 |     4 ||     7
       Confused          |       |       |       |     9 ||     9
  Eat: Royal jelly       |       |       |       |     3 ||     3
Armor: Skin              |       |       |     2 |     1 ||     3
Dodge: Dodged            |     8 |     3 |    92 |   175 ||   278
